AoeStats
← ArminGN

Arena

510580805Analyzed
1v1 RM · 1d ago on Oct 1, 2026· 40m 35s· 2 players
Game mode
Random Map
Map size
Tiny (2 player)
Population
200
Speed
Normal
Resources
Standard
Victory
Conquest
Starting age
Dark Age
Ending age
Imperial Age
RankedLock teamsTeams togetherTeam positionsShared explorationLock speedFull tech treeHidden civsTurbo modeCheats
Victory
Defeat
🇸🇪 Turks · Sweden
602
+14
🇩🇪 Berbers · Germany
549
-14
HabeDakis
10:03 Loom
12:41 Feudal Age
17:11 Castle Age
15:03 Double-Bit Axe
18:10 Castle Age
17:52 Scale Mail Armor
21:33 Bow Saw
21:39 Gold Mining
25:31 Gold Shaft Mining
26:53 Horse Collar
27:58 Pikeman
31:19 Wheelbarrow
32:08 Crossbowman
32:54 Thumb Ring
33:01 Thumb Ring
32:51 Fletching
33:05 Padded Archer Armor
33:44 Kasbah
40:40 Imperial Age
38:32 Hand Cart
38:03 Town Watch
37:52 Light Cavalry
40:20 Husbandry
40:52 Heated Shot
41:27 Ballistics
ArminGN
10:19 Feudal Age
10:45 Horse Collar
17:39 Castle Age
15:55 Double-Bit Axe
16:13 Stone Mining
17:10 Forging
19:16 Heavy Plow
21:14 Fletching
28:21 Imperial Age
26:56 Iron Casting
26:22 Padded Archer Armor
27:32 Wheelbarrow
28:26 Masonry
28:55 Bodkin Arrow
29:17 Leather Archer Armor
31:32 Bracer
32:33 Blast Furnace
32:04 Ring Archer Armor
36:24 Architecture
35:41 Arrowslits
36:17 Ballistics
36:20 Bombard Tower
36:11 Scale Barding Armor
36:22 Husbandry
36:36 Bloodlines
37:58 Chain Barding Armor
Connection lost

Rejoining the realm…

Still unreachable

The connection could not be restored.

Session expired

The server has moved on; the page needs a fresh start.